AoeStats
← Arthosz

Arabia

507068072Analyzed
1v1 RM · 16d ago on Sep 16, 2026· 59m 17s· 2 players
Game mode
Random Map
Map size
Tiny (2 player)
Population
200
Speed
Normal
Resources
Standard
Victory
Conquest
Starting age
Dark Age
Ending age
Imperial Age
RankedLock teamsTeams togetherTeam positionsShared explorationLock speedFull tech treeHidden civsTurbo modeCheats
Victory
Defeat
🇧🇷 Bulgarians · Brazil
1125
+16
🇳🇱 Koreans · Netherlands
1127
-16
Kapnoob
7:47 Loom
10:21 Feudal Age
10:54 Double-Bit Axe
12:10 Arson
15:12 Scale Barding Armor
18:47 Forging
19:21 Bloodlines
21:52 Wheelbarrow
25:35 Castle Age
23:41 Gold Mining
24:10 Fletching
25:40 Light Cavalry
26:42 Chain Barding Armor
27:30 Iron Casting
29:04 Stirrups
30:18 Scale Mail Armor
39:15 Hand Cart
40:11 Husbandry
46:08 Imperial Age
44:32 Bodkin Arrow
44:56 Horse Collar
45:59 Gold Shaft Mining
46:11 Elite Konnik
47:34 Plate Barding Armor
48:25 Blast Furnace
48:01 Chain Mail Armor
51:31 Plate Mail Armor
53:16 Conscription
53:06 Bagains
56:02 Squires
57:00 Gambesons
57:16 Hussar
Arthosz
6:03 Loom
8:55 Feudal Age
14:03 Fletching
24:17 Castle Age
22:21 Double-Bit Axe
22:22 Horse Collar
23:04 Double-Bit Axe
24:18 Crossbowman
25:53 Scale Mail Armor
26:52 Bodkin Arrow
29:07 Thumb Ring
33:13 Ballistics
34:47 Forging
35:55 Bow Saw
35:51 Squires
35:37 Arson
36:15 Stone Mining
36:15 Gold Mining
37:27 Wheelbarrow
38:04 Gold Shaft Mining
38:16 Chain Mail Armor
38:46 Heavy Plow
39:55 Gambesons
41:37 Iron Casting
42:11 Hand Cart
45:47 Imperial Age
43:02 Treadmill Crane
45:31 Stone Shaft Mining
45:14 Eupseong
45:21 Town Watch
45:35 Murder Holes
47:32 Chemistry
46:31 Elite Fire Lancer
48:25 Plate Mail Armor
48:00 Bracer
49:09 Two-Man Saw
49:05 Conscription
49:06 Masonry
48:45 Pikeman
49:35 Halberdier
51:23 Architecture
51:42 Arrowslits
Connection lost

Rejoining the realm…

Still unreachable

The connection could not be restored.

Session expired

The server has moved on; the page needs a fresh start.